 Dungeon Crawl Stone Soup version 0.29-a0-90-gc37658a0fe (webtiles) character file.

Game seed: 3580994695620447164

42 lordive the Sneak (level 3, 0/16 HPs)
             Began as a Spriggan Enchanter on Feb 6, 2022.
             Killed by nerve-wracking pain
             ... invoked by an orc priest
              (13 damage)
             ... on level 3 of the Dungeon.
             The game lasted 00:03:00 (2523 turns).

lordive the Sneak (Spriggan Enchanter)              Turns: 2523, Time: 00:03:02

Health: 0/16       AC:  2    Str:  4    XL:     3   Next: 33%
Magic:  4/8        EV: 17    Int: 18    God:
Gold:   86         SH:  0    Dex: 15    Spells: 0/8 levels left

rFire   . . .      SeeInvis +   a - +1 dagger
rCold   . . .      Faith    .   (no shield)
rNeg    . . .      Spirit   .   b - +0 robe
rPois   .          Reflect  .   (helmet restricted)
rElec   .          Harm     .   (no cloak)
rCorr   .          Rampage  .   (gloves unavailable)
Will    .....                   (boots unavailable)
Stlth   +++.......              (no amulet)
HPRegen 0.05/turn               (no ring)
MPRegen 0.11/turn               (no ring)

@: very quick
A: very small, no large weapons, unfitting armour, see invisible, speed 3
a: no special abilities


You were on level 3 of the Dungeon.
You visited 1 branch of the dungeon, and saw 3 of its levels.

You collected 86 gold pieces.

Inventory:

Hand Weapons
 a - a +1 dagger (weapon)
Armour
 b - a +0 robe (worn)
 l - a scarf of invisibility
Scrolls
 g - a scroll of enchant weapon {unknown}
 h - a scroll of noise {unknown}
 j - a scroll of fear {unknown}
 k - a scroll of fog {unknown}
Potions
 c - a potion of invisibility
 d - a potion of heal wounds {unknown}
 e - a potion of haste {unknown}
 f - a potion of flight {unknown}
 i - a potion of degeneration {unknown}


   Skills:
 + Level 1.7 Short Blades
 + Level 3.1 Dodging
 + Level 5.2 Stealth
 + Level 3.0 Spellcasting
 + Level 4.0 Hexes
 + Level 0.3 Ice Magic


You couldn't memorise any spells.
You knew the following spells:

 Your Spells              Type           Power      Damage    Failure   Level
a - Ensorcelled Hibernat  Hex/Ice        20%        N/A       10%         2
b - Confusing Touch       Hex            17%        N/A       9%          3
c - Tukima's Dance        Hex            17%        N/A       9%          3

Your spell library contained the following spells:

 Spells                   Type           Power      Damage    Failure   Level
 Sandblast                Erth           4%         2d4       16%         1
 Dazzling Flash           Conj/Hex       20%        N/A       22%         3
 Corpse Rot               Necr/Air       4%         N/A       24%         2
 Passwall                 Tmut/Erth      1%         N/A       24%         2
 Poisonous Vapours        Pois/Air       4%         N/A       24%         2
 Stone Arrow              Conj/Erth      4%         3d7       43%         3


Dungeon Overview and Level Annotations

Branches:
Dungeon (3/15)

Altars:


Innate Abilities, Weirdness & Mutations

You are very small and have problems with some larger weapons.
You are too small for most types of armour.
You have supernaturally acute eyesight. (SInv)
You cover ground extremely quickly. (Speed+++)


Message History

The orc priest looks encouraged for a moment.
An orc wizard is nearby!
You hear the slow rusting of a distant drain.
There is a stone staircase leading up here.
You climb upwards.
There is a stone staircase leading down here.
You start resting.
Magic restored.
You start resting.
HP restored.
You climb downwards.
You hear the sound of rushing water.
There is an entrance to a sewer on this level.
Hurry and find it before the portal rusts away!
You hear the brisk rusting of a very distant drain.
There is a stone staircase leading up here.
Unknown command.
An orc comes into view. It is wielding a +0 dagger.
The orc shouts!
The orc resists with significant effort.
The orc priest looks encouraged for a moment.
The orc looks drowsy...
The helpless orc fails to defend itself.
You impale the orc!!
You kill the orc!
Things that are here:
a +0 dagger; a +0 leather armour; a scroll labelled ZURHIRHOELU You barely miss the orc.
The orc completely misses you.
You hit the orc.
The orc is moderately wounded.
The orc hits you with a +0 dagger.
You barely miss the orc.
The orc is moderately wounded.
The orc priest casts a cantrip, but nothing happens.
You hit the orc but do no damage.
The orc is moderately wounded.
The orc closely misses you.
The orc priest mumbles some strange prayers to Beogh against you.
Pain shoots through your body!
Ouch! That really hurt!
You die...

########### #.........# ###
#.#######.# ..##########.##
#.# #.......o.@...# ##.##
#..#......o...#####...#####
####..#.#######...............
............###...##.....####.
###........>.............####.
..................##.....##...
###...#.####.##..###.....##.#.
#...#.# #.##.........###.#.
#...o.####.##..#####.####.#.


You could see an orc priest and an orc.

Vanquished Creatures
  A worm (D:3)
  A dart slug (D:1)
  An orc (D:3)
  6 endoplasms
  A giant cockroach (D:1)
  2 hobgoblins (D:2)
  3 jackals (D:1)
  4 kobolds
  A quokka (D:1)
  3 ball pythons
  2 bats (D:1)
  A frilled lizard (D:1)
  2 goblins (D:1)
  4 rats (D:1)
32 creatures vanquished.

Notes
Turn   | Place    | Note
-------+----------+-------------------------------------------
     0 | D:1      | lordive the Spriggan Enchanter began the quest for the Orb.
     0 | D:1      | Reached XP level 1. HP: 9/9 MP: 5/5
   227 | D:1      | Reached XP level 2. HP: 13/13 MP: 6/6
   230 | D:1      | Learned a level 2 spell: Ensorcelled Hibernation
  1124 | D:2      | Reached skill level 5 in Stealth
  1518 | D:2      | Reached XP level 3. HP: 12/16 MP: 5/8
  1840 | D:2      | Found a faded altar of an unknown god.
  2170 | D:3      | Learned a level 3 spell: Confusing Touch
  2174 | D:3      | Learned a level 3 spell: Tukima's Dance
  2523 | D:3      | Killed from afar by an orc priest

Illustrated notes

Levels and vault maps discovered:
D:1:      heliophobic_arrival_enchanted_forest, layout_rooms
D:2:      layout_loops_corners, shapermc_ecumenical_altar_mp_vishouse
D:3:      layout_loops_ring, gup_sewer_entry_bowl

Skill      XL: |  1  2  3 |
---------------+----------+-----
Dodging        | 3 |  3.1
Hexes          | 4 |  4.0
Stealth        | 5 |  5.2
Spellcasting   | 3 |  3.0
Short Blades   | |  1.7
Ice Magic      | |  0.3

Action                   || total
-------------------------++-------
Melee: Dagger            ||    73
       Punch             ||     1
 Cast: Ensorcelled Hiber ||    27
 Stab: Sleeping          ||    21
       Distracted        ||     1
Armor: Robe              ||     6
Dodge: Dodged            ||    52

Table legend: (Time is in decaauts)
 A = Elapsed time spent in this place.
 B = Non-inter-level travel time spent in this place.
 C = Inter-level travel time spent in this place.
 D = Time resting spent in this place.
 E = Time spent auto-exploring this place.
 F = Levels seen in this place.
 G = Mean time per level.
                   A        B        C        D        E       F      G
               +--------+--------+--------+--------+--------+-----+--------+
         Total |   1965 |   1911 |     54 |    223 |   1473 |   3 |  655.0 |
       Dungeon |   1965 |   1911 |     54 |    223 |   1473 |   3 |  655.0 |
               +--------+--------+--------+--------+--------+-----+--------+

Top non-repeatable levels by time:
     D:2: 987 daAuts
     D:1: 837 daAuts
     D:3: 141 daAuts
